 Dungeon Crawl Stone Soup version 0.31.0-32-g396128a36d (webtiles) character file.

Game seed: 1061646911818226620

803 ChadusMaximus the Shield-Bearer (level 7, 0/94 HPs)
             Began as a Minotaur Fighter on Mar 9, 2024.
             Incinerated by a bombardier beetle (4 damage)
             ... with a burning spray
             ... on level 5 of the Dungeon.
             The game lasted 00:02:34 (3659 turns).

ChadusMaximus the Shield-Bearer (Minotaur Fighter)  Turns: 3659, Time: 00:02:35

Health: 0/94       AC: 12    Str: 23    XL:     7   Next: 59%
Magic:  6/6        EV:  8    Int:  5    God:
Gold:   274        SH:  5    Dex:  9    Spells: 6/6 levels left

rFire   . . .        l - +0 hand axe (heavy)
rCold   . . .        c - +0 buckler
rNeg    . . .        h - +2 chain mail {rPois}
rPois   +            (helmet restricted)
rElec   .            (no cloak)
rCorr   .            (no gloves)
SInv    .            (no boots)
Will    .....        (no amulet) Stlth
                     (no ring)
HPRegen 0.35/turn    (no ring)
MPRegen 0.10/turn

%: no passive effects
@: berserking, on fire, glowing, very quick
A: horns 2, retaliatory headbutt
a: no special abilities


You were on level 5 of the Dungeon.
You visited 1 branch of the dungeon, and saw 5 of its levels.

You collected 274 gold pieces.

Inventory:

Hand Weapons
 a - a +0 war axe
 l - a +0 heavy hand axe (weapon)
Armour
 b - a +0 scale mail
 c - a +0 buckler (worn)
 h - a +2 chain mail of poison resistance (worn)
Jewellery
 o - a ring of wizardry
 r - a ring of magical power
Wands
 q - a wand of flame (13)
Scrolls
 e - 3 scrolls of fog
 f - a scroll of identify
 g - 3 scrolls of teleportation
 i - 2 scrolls of enchant armour
 m - a scroll of noise {unknown}
 n - a scroll of immolation {unknown}
 p - a scroll of torment {unknown}
Potions
 d - a potion of might
 j - 3 potions of mutation


   Skills:
 + Level 6.2 Fighting
 + Level 5.5 Axes
 + Level 6.3 Armour
 + Level 6.3 Shields


You had 6 spell levels left.
You didn't know any spells.
Your spell library contained the following spells:

 Spells                   Type           Power      Damage    Failure   Level
 Kiss of Death            Conj/Necr      0%         2d5       98%         1
 Confusing Touch          Hex            0%         N/A       100%        3
 Dispel Undead            Necr           0%         3d6       100%        4
 Sculpt Simulacrum        Ice/Alch       0%         N/A       100%        6
 Ozocubu's Refrigeration  Ice            0%         4d7       100%        7
 Polar Vortex             Ice            0%         N/A       100%        9


Dungeon Overview and Level Annotations

Branches:
Dungeon (5/15)
 Temple: D:4-7

Altars:
Cheibriados
Makhleb
Ru
Vehumet
Yredelemnul

Shops:
D:2 [(*


Innate Abilities, Weirdness & Mutations

You have a pair of horns on your head.
You reflexively headbutt those who attack you in melee.


Message History

No target in view!
You are on fire!
No target in view!
You are on fire!
Unknown command.
You are on fire!
You are on fire!
You are on fire!
The liquid fire burns you! The liquid fire burns you!
The liquid fire burns you! The liquid fire burns you!
* * * LOW HITPOINT WARNING * * *
The liquid fire burns you!
* * * LOW HITPOINT WARNING * * *
The liquid fire burns you!
* * * LOW HITPOINT WARNING * * *
You feel better. The liquid fire burns you!
* * * LOW HITPOINT WARNING * * *
You shake off some of the fire as you move.
The liquid fire burns you!
* * * LOW HITPOINT WARNING * * *
You shake off some of the fire as you move.
The liquid fire burns you!
* * * LOW HITPOINT WARNING * * *
You feel better. The liquid fire burns you!
* * * LOW HITPOINT WARNING * * *
You shake off some of the fire as you move.
The liquid fire burns you!
* * * LOW HITPOINT WARNING * * *
You shake off some of the fire as you move.
The liquid fire burns you!
* * * LOW HITPOINT WARNING * * *
There is an escape hatch in the floor here.
A red film seems to cover your vision as you go berserk!
You feel yourself moving faster!
You feel mighty! The liquid fire burns you!
You die...

##.......# #. ........#.#
##. ###.......########..
..#.....#...........
.......#.##......##
...#######.######.##.##...#
......†............#.##.###
...######.....###.......####
##...@...###...#......
#............#.#..#...
#)........####........
#.......(.## ####.....
#..........####.......
#.....................
#..........[##.###....
#.........#....# ##...
#.........###### #....


There were no monsters in sight!

Vanquished Creatures
  Grinder (D:5)
  Eustachio (D:5)
  2 scorpions
  2 bombardier beetles
  Terence (D:2)
  2 iguanas
  3 orc wizards
  3 gnolls (D:4)
  4 adders
  2 white imps
  A dart slug (D:3)
  A ribbon worm (D:3)
  9 orcs
  6 endoplasms
  A giant cockroach (D:1)
  A goblin (D:2)
  3 hobgoblins
  8 jackals
  2 quokkas (D:2)
  5 ball pythons
  7 bats
  3 frilled lizards
  2 kobolds
  5 rats
75 creatures vanquished.

Notes
Turn   | Place    | Note
-------+----------+-------------------------------------------
     0 | D:1      | ChadusMaximus the Minotaur Fighter began the quest for the
                  | Orb.
     0 | D:1      | Reached XP level 1. HP: 19/19 MP: 0/0
    13 | D:1      | Found a faded altar of an unknown god.
   356 | D:1      | Reached XP level 2. HP: 27/27 MP: 1/1
   525 | D:2      | Found Alog's General Store.
   665 | D:2      | Noticed Terence
   674 | D:2      | Killed Terence
   675 | D:2      | Reached XP level 3. HP: 25/33 MP: 2/2
   710 | D:2      | Found Toip Vur's Weapon Emporium.
   845 | D:2      | Found Mic Vafo's Armour Shoppe.
   845 | D:2      | Found a basalt altar of Yredelemnul.
  1098 | D:3      | Reached XP level 4. HP: 36/41 MP: 3/3
  1788 | D:4      | Noticed a scorpion
  1796 | D:4      | Killed a scorpion
  1797 | D:4      | Reached XP level 5. HP: 47/47 MP: 4/4
  1897 | D:4      | Found a radiant altar of Vehumet.
  1960 | D:4      | Reached skill level 5 in Armour
  2006 | D:4      | Found a sacrificial altar of Ru.
  2029 | D:4      | Reached skill level 5 in Fighting
  2029 | D:4      | Reached skill level 5 in Shields
  2103 | D:4      | Reached XP level 6. HP: 55/56 MP: 5/5
  2565 | D:4      | Found a snail-covered altar of Cheibriados.
  2959 | D:4      | Found a burning altar of Makhleb.
  3009 | D:5      | Entered Level 5 of the Dungeon
  3019 | D:5      | Noticed Eustachio
  3042 | D:5      | Killed Eustachio
  3335 | D:5      | Reached XP level 7. HP: 54/62 MP: 6/6
  3413 | D:5      | Noticed Grinder
  3416 | D:5      | Paralysed by Grinder for 2 turns
  3421 | D:5      | Paralysed by Grinder for 2 turns
  3424 | D:5      | Killed Grinder
  3425 | D:5      | Reached skill level 5 in Axes
  3658 | D:5      | HP: 2/63 [burnt (4)]
  3659 | D:5      | Incinerated by a bombardier beetle

Illustrated notes

Levels and vault maps discovered:
D:1:      dpeg_arrival_pond, layout_basic, ebering_ecumenical_altar_abandoned,
          minmay_misc_feat_chi
D:2:      layout_rooms, basic_altar, serial_curves, eino_curves_04,
          eino_curves_04, serial_shops, nicolae_shop_peninsula, shop, shop,
          kennysheep_boxes, uniq_terence
D:3:      layout_loops_cross
D:4:      layout_layer_cave, lemuel_tele_altar, lemuel_crystal_altar,
          nicolae_vehumet_altar_sigil, marbit_many_paths
D:5:      layout_rooms, uniq_grinder, uniq_eustachio

Skill      XL: |  1  2  3  4  5  6  7 |
---------------+----------------------+-----
Fighting       | 4 5 6 |  6.2
Axes           | 3 4 5 |  5.5
Armour         | 4 5 6 |  6.3
Shields        | 4 5 6 |  6.3

Action                     |  1- 3 |  4- 6 |  7- 9 || total
---------------------------+-------+-------+-------++-------
  Melee: War axe           |    62 |    63 |       ||   125
         Headbutt          |     7 |    13 |     7 ||    27
         Hand axe          |       |    37 |    30 ||    67
    Use: Scroll            |       |       |     6 ||     6
         Potion            |       |       |     3 ||     3
 Armour: Scale mail        |    18 |       |       ||    18
         Chain mail        |    26 |    78 |    26 ||   130
  Dodge: Dodged            |    32 |    50 |     6 ||    88
  Block: Buckler           |    10 |    35 |     6 ||    51
